 Dungeon Crawl Stone Soup version 0.22-a0-392-g5dc3fd9af9 (webtiles) character file.

1094 Flugkiller the Caller (level 8, -4/52 HPs)
             Began as a Mummy Summoner on May 2, 2018.
             Was a Follower of Sif Muna.
             Killed from afar by NeAGen181's ghost (27 damage)
             ... with a stone arrow
             ... on level 7 of the Dungeon.
             The game lasted 00:14:20 (11291 turns).

Flugkiller the Caller (Mummy Summoner)             Turns: 11291, Time: 00:14:20

Health: -4/52      AC:  3    Str: 11    XL:     8   Next: 9%
Magic:  5/12       EV: 12    Int: 17    God:    Sif Muna [*.....]
Gold:   326        SH:  0    Dex: 12    Spells: 3/13 levels left

rFire    x . .     SeeInvis .   i - +1 dagger (venom)
rCold    + . .     Gourm    .   (no shield)
rNeg     + + +     Faith    .   a - +1 robe
rPois    ∞         Spirit   .   (no helmet)
rElec    .         Reflect  .   f - scarf {repulsion}
rCorr    .         Harm     .   (no gloves)
MR       +....                  (no boots)
Stlth    ++........             (no amulet)
HPRegen  0.17/turn              (no ring)
MPRegen  0.13/turn              (no ring)

@: repel missiles
A: no food or potions, fire vulnerability, cold resistance 1, negative energy
resistance 3, torment resistance, unbreathing
a: Divine Energy, Renounce Religion


You were on level 7 of the Dungeon.
You worshipped Sif Muna.
Sif Muna was aware of your devotion.
You were not hungry.

You visited 2 branches of the dungeon, and saw 8 of its levels.

You collected 326 gold pieces.

Inventory:

Hand Weapons
 i - a +1 dagger of venom (weapon)
 j - the +6 falchion of Wimeiwk {flame, MR- Str+3 Dex+4}
   (You found it on level 6 of the Dungeon)

   It has been specially enchanted to burn those struck by it, causing extra
   injury to most foes and up to half again as much damage against particularly
   susceptible opponents.
   Big, fiery blades are also staple armaments of hydra-hunters.
   It affects your strength (+3).
   It affects your dexterity (+4).
   It affects your resistance to hostile enchantments.
Armour
 a - a +1 robe (worn)
 f - a scarf of repulsion (worn)
Wands
 e - a wand of digging (15)
Scrolls
 b - a scroll of teleportation
 c - 3 scrolls of enchant armour
 d - 3 scrolls of fog {unknown}
 g - 2 scrolls of enchant weapon {unknown}
 h - 2 scrolls of identify {unknown}
 k - a scroll of random uselessness {unknown}
 l - a scroll of fear {unknown}


   Skills:
 - Level 1.5 Dodging
 - Level 1.5 Stealth
 - Level 3.0 Spellcasting
 + Level 7.5 Summonings
 - Level 4.0 Air Magic


You had 3 spell levels left.
You knew the following spells:

 Your Spells              Type           Power        Failure   Level  Hunger
a - Summon Small Mammal   Summ           ####         1%          1    N/A
b - Call Imp              Summ           ####....     1%          2    N/A
c - Call Canine Familiar  Summ           ####....     2%          3    N/A
e - Summon Lightning Spi  Summ/Air       ###.....     16%         4    N/A

Dungeon Overview and Level Annotations

Branches:
Dungeon (7/15)             Temple (1/1) D:5

Altars:
Gozag
Sif Muna

Annotations:
D:2 exclusion: downstairs
D:3 loom's ghost, amateur DEFE
D:5 exclusion: downstairs
D:7 NeAGen181's ghost, novice GrEE


Innate Abilities, Weirdness & Mutations

You do not eat or drink.
Your flesh is vulnerable to fire.
You are immune to poison.
Your flesh is cold resistant. (rC+)
You are immune to negative energy. (rN+++)
You are immune to unholy pain and torment.
You can survive without breathing.


Message History

The hound bites you but does no damage. The hound bites you.
NeAGen181's ghost hits your lightning spire but does no damage.
You hit the hound but do no damage.
The hound is severely wounded.
Your lightning spire disappears in a puff of smoke!
The hound bites you. The hound bites you but does no damage.
You kill the hound!
Sif Muna accepts your kill.
Training target 4.0 for Air Magic reached!
Your Air Magic skill increases to level 4!
NeAGen181's ghost points at you and mumbles some strange words.
The blast of sand hits you!
A centaur comes into view.
There is a stone staircase leading up here.
The centaur shouts!
NeAGen181's ghost points at you and mumbles some strange words.
The stone arrow hits you!
Ouch! That really hurt!
You die...

....####. ##..
......... .)..
........##..#..
...............
.......[c§.#
........#
......W†#
........#
.......@#
........#
#########


You could see a centaur and NeAGen181's ghost.

Vanquished Creatures
  Prince Ribbit (D:6)
  Menkaure (D:4)
  An ice beast (D:6)
  3 hounds
  An orc wizard (D:5)
  2 iguanas
  4 worker ants
  A killer bee zombie (D:5)
  A hound zombie (D:5)
  An adder (D:6)
  A leopard gecko (D:4)
  4 orcs
  A hobgoblin (D:1)
  A jackal (D:3)
  2 quokkas (D:5)
25 creatures vanquished.

Vanquished Creatures (collateral kills)
  The ghost of dcsswall the Firebug, an amateur BaFE (D:5)
  A sky beast (D:4)
  A phantom (D:5)
  2 ogres
  A centaur (D:5)
  Blork the orc (D:5)
  A bullfrog zombie (D:5)
  A centaur zombie (D:6)
  An orc priest (D:4)
  2 orc wizards (D:4)
  8 adders
  A shadow imp (D:6)
  2 oozes
  An adder zombie (D:6)
  4 worms
  8 dart slugs
  6 leopard geckos
  5 orcs
  A ball python (D:2)
  4 giant cockroaches
  6 goblins
  5 hobgoblins
  5 jackals (D:3)
  2 quokkas
  7 bats
  7 frilled lizards
  7 kobolds
  4 rats
95 creatures vanquished.

Grand Total: 120 creatures vanquished

Notes
Turn   | Place    | Note
-------+----------+-------------------------------------------
     0 | D:1      | Flugkiller the Mummy Summoner began the quest for the Orb.
     0 | D:1      | Reached XP level 1. HP: 13/13 MP: 4/4
   373 | D:1      | Reached XP level 2. HP: 19/19 MP: 1/6
   421 | D:1      | Learned a level 2 spell: Call Imp
  1620 | D:2      | Reached skill level 4 in Summonings
  1681 | D:2      | Reached XP level 3. HP: 24/24 MP: 0/7
  1753 | D:2      | Learned a level 3 spell: Call Canine Familiar
  3645 | D:3      | Noticed loom's ghost (amateur DEFE)
  4136 | D:3      | Reached XP level 4. HP: 30/30 MP: 4/8
  5411 | D:4      | Noticed an ogre
  5420 | D:4      | Killed an ogre
  5420 | D:4      | Reached skill level 5 in Summonings
  5420 | D:4      | Reached XP level 5. HP: 35/35 MP: 1/9
  6071 | D:4      | Noticed a sky beast
  6102 | D:4      | Killed a sky beast
  6318 | D:4      | Reached skill level 6 in Summonings
  6318 | D:4      | Reached XP level 6. HP: 31/41 MP: 6/10
  6457 | D:4      | Learned a level 4 spell: Summon Lightning Spire
  6633 | D:4      | Found a deep blue altar of Sif Muna.
  6636 | D:4      | Became a worshipper of Sif Muna the Loreminder
  6941 | D:4      | Reached skill level 1 in Air Magic
  7114 | D:4      | Noticed Menkaure
  7125 | D:4      | Killed Menkaure
  7434 | D:5      | Entered Level 5 of the Dungeon
  7502 | D:5      | Noticed dcsswall's ghost (amateur BaFE)
  7540 | D:5      | Killed dcsswall's ghost
  7540 | D:5      | Reached XP level 7. HP: 42/46 MP: 3/11
  7847 | D:5      | Reached * piety under Sif Muna
  8412 | D:5      | Noticed Blork the orc
  8571 | D:5      | Killed Blork the orc
  8691 | D:5      | Found a staircase to the Ecumenical Temple.
  9093 | D:5      | Reached skill level 7 in Summonings
  9231 | Temple   | Entered the Ecumenical Temple
  9277 | D:5      | Found a staircase to the Ecumenical Temple.
 10214 | D:6      | Noticed Prince Ribbit
 10276 | D:6      | Got a bloodstained falchion
 10277 | D:6      | Identified the +6 falchion of Wimeiwk {flame, MR- Str+3 Dex+4} (You found it on level 6 of the Dungeon)
 10319 | D:6      | Killed Prince Ribbit
 10319 | D:6      | Reached XP level 8. HP: 46/52 MP: 1/12
 11274 | D:7      | Noticed NeAGen181's ghost (novice GrEE)
 11291 | D:7      | Killed from afar by NeAGen181's ghost

Vault maps used:
D:1:      dpeg_arrival_boxorama, minmay_domino_2
D:4:      first_ration, lemuel_blue_sif_altar, uniq_menkaure
D:5:      temple_doors_e, uniq_blork_the_orc
D:6:      uniq_prince_ribbit1
D:7:      corexii_shack_village, grunt_temple_overflow_open
Temple:   nicolae_temple_elliptical

Skill      XL: |  1  2  3  4  5  6  7  8 |
---------------+-------------------------+-----
Spellcasting   | 3 |  3.0
Summonings     | 4 5 6 7 |  7.5
Air Magic      | 2 3 4 |  4.0
Dodging        | |  1.5
Stealth        | |  1.5

Action                   |  1- 3 |  4- 6 |  7- 9 || total
-------------------------+-------+-------+-------++-------
Melee: Unarmed           |    11 |       |       ||    11
       Dagger            |       |    64 |    74 ||   138
 Cast: Summon Small Mamm |    20 |       |       ||    20
       Call Imp          |    60 |    24 |    15 ||    99
       Call Canine Famil |    15 |    29 |    12 ||    56
       Summon Lightning  |       |       |    10 ||    10
  Use: Scroll            |     2 |       |     1 ||     3
 Stab: Distracted        |       |     2 |       ||     2
Armor: Robe              |    16 |    12 |     9 ||    37
Dodge: Dodged            |    43 |    50 |    59 ||   152
       Deflected         |       |       |     5 ||     5

Table legend:
 A = Spawn XP
 B = Non-spawn XP
 C = Spawn XP percentage of total XP
 D = Spawn monster count
 E = Non-spawn monster count
 F = Spawn count percentage of total count
 G = Total turns spent on level
                    A         B        C        D         E        F      G
               +---------+---------+-------+---------+---------+-------+---------
         Total |       0 |    1563 |   0.0 |       0 |     120 |   0.0 | 11291
               +---------+---------+-------+---------+---------+-------+---------
           D:1 |       0 |      26 |   0.0 |       0 |      17 |   0.0 |  1219
           D:2 |       0 |      59 |   0.0 |       0 |      32 |   0.0 |  2544
           D:3 |       0 |      48 |   0.0 |       0 |      24 |   0.0 |  1517
           D:4 |       0 |     553 |   0.0 |       0 |      20 |   0.0 |  2283
           D:5 |       0 |     442 |   0.0 |       0 |      15 |   0.0 |  2165
           D:6 |       0 |     392 |   0.0 |       0 |      10 |   0.0 |  1535
           D:7 |       0 |      43 |   0.0 |       0 |       2 |   0.0 |    26
               +---------+---------+-------+---------+---------+-------+---------
